Map: Para Site LE

Players

Bunny - Winner!

  • Race: Terran Terran
  • League: Diamond
  • Spawn Location: 5:00

ShoWTimE

  • Race: Protoss Protoss
  • Spawn Location: 11:00

Event: HomeStory Cup XVIII

VOD

Have the link to the VOD?

Description

Time

  • Played on: Nov. 24, 2018, 10:18 a.m.
  • Length: 7:59

All games in this series

Show
View Real Time Build Order
Export as new Build Order

Bunny Terran - Winner!

Build Orders:  

Get SALT Encoding   

  12  0:00  SCV  
  13  0:12  SCV  
  14  0:18  Supply Depot  
  14  0:24  SCV  
  15  0:39  SCV  
  15  0:42  Barracks  
  16  0:44  Refinery  
  16  0:51  SCV  
  17  1:00  Refinery  
  17  1:03  SCV  
  18  1:15  SCV  
  19  1:31  Orbital Command  
  19  1:33  Reaper  
  20  1:42  Supply Depot  
  20  1:47  Factory  
  20  1:57  SCV  
  21  2:06  Reaper  
  22  2:09  SCV  
  23  2:21  SCV  
  24  2:31  Command Center  
  24  2:35  Supply Depot  
  24  2:37  SCV  
  25  2:40  Hellion  
  27  2:49  SCV  
  28  3:01  SCV  
  28  3:02  Barracks  
  29  3:07  Widow Mine  
  31  3:13  SCV  
  31  3:19  Barracks  
  32  3:25  SCV  
  33  3:29  Factory Tech Lab  
  33  3:37  Starport, SCV  
  33  3:38  Engineering Bay  
  34  3:43  Orbital Command  
  34  3:49  Marine, SCV  
  36  4:01  Cyclone, SCV  
  39  4:07  Barracks Tech Lab  
  39  4:09  Barracks Reactor  
  36  4:10  SCV  
  36  4:13  SCV  
  36  4:14  Bunker  
  36  4:15  Barracks Tech Lab  
  38  4:22  Starport Reactor, SCV  
  39  4:25  Terran Infantry Weapons Level 1, SCV  
  39  4:27  Stimpack  
  39  4:28  Marine  
  41  4:34  Marine, SCV  
  41  4:38  Siege Tank, SCV  
  47  4:45  Marine x2  
  47  4:46  Marine  
  47  4:47  Refinery  
  47  4:50  SCV  
  47  4:51  SCV  
  47  4:52  Marine  
  53  4:55  Supply Depot  
  53  5:03  SCV  
  54  5:08  Supply Depot  
  54  5:09  Combat Shield  
  54  5:17  Marine x3, Barracks x2, SCV  
  54  5:21  Siege Tank  
  61  5:29  Supply Depot  
  61  5:30  Marine, Medivac  
  61  5:34  Marine  
  61  5:35  Medivac  
  67  5:36  Marine x2  
  67  5:38  SCV  
  70  5:46  Supply Depot  
  70  5:47  Refinery  
  70  5:49  Supply Depot  
  70  5:50  SCV  
  70  5:51  SCV  
  70  5:52  Marine  
  73  5:58  Marauder  
  73  6:01  Marauder  
  73  6:03  SCV  
  78  6:06  Supply Depot, Barracks Tech Lab, Barracks Reactor  
  78  6:10  Marine x2  
  80  6:14  Medivac  
  82  6:21  Medivac  
  82  6:23  Factory Reactor  
  84  6:26  Marauder x2  
  84  6:28  Marine x2  
  84  6:29  Marauder  
  92  6:39  Concussive Shells  
  92  6:42  Supply Depot  
  92  6:43  Marine x2  
  92  6:45  Marine  
  92  6:46  Marine  
  96  6:47  Medivac  
  100  6:54  Marauder x2  
  102  7:03  Widow Mine x2, Marine, Marauder  
  102  7:05  Marine  
  102  7:06  Supply Depot  
  102  7:07  Supply Depot  
  110  7:15  Supply Depot  
  110  7:28  Marine x4, Marauder, Medivac  
  115  7:34  Marauder  
  115  7:36  Marine  
Show
View Real Time Build Order
Export as new Build Order

ShoWTimE Protoss 

Build Orders: 1 Gate Expand, Oracle Opening 

Get SALT Encoding   

  12  0:00  Probe  
  13  0:12  Probe  
  14  0:17  Pylon  
  14  0:24  Probe  
  15  0:32  Probe  
  15  0:38  Gateway  
  15  0:40  Probe  
  16  0:46  Assimilator  
  17  0:51  Probe  
  18  1:03  Probe  
  19  1:15  Probe  
  20  1:25  Cybernetics Core  
  20  1:37  Nexus  
  20  1:38  Zealot  
  20  1:46  Pylon  
  22  1:48  Probe  
  22  1:53  Assimilator  
  23  1:57  Stalker  
  23  2:04  Probe  
  26  2:13  Warp Gate  
  26  2:16  Probe  
  27  2:24  Probe  
  28  2:32  Probe  
  29  2:43  Probe  
  30  2:45  Stargate  
  30  2:50  Probe  
  31  2:53  Adept  
  31  2:55  Probe  
  31  2:58  Probe  
  33  3:06  Probe  
  33  3:07  Probe  
  34  3:17  Gateway, Probe  
  34  3:18  Oracle  
  34  3:19  Gateway  
  36  3:20  Probe  
  36  3:29  Probe  
  36  3:33  Pylon  
  36  3:34  Probe  
  41  3:41  Probe  
  42  3:45  Pylon  
  42  3:46  Probe  
  41  3:49  Oracle  
  41  3:53  Probe  
  41  3:58  Probe  
  45  4:05  Probe  
  46  4:10  Probe  
  47  4:18  Probe  
  47  4:20  Pylon  
  47  4:22  Phoenix, Probe  
  49  4:30  Probe  
  52  4:32  Nexus  
  52  4:34  Probe  
  53  4:42  Probe  
  54  4:46  Probe  
  54  4:47  Assimilator  
  54  4:51  Assimilator  
  55  4:54  Probe  
  55  4:58  Probe  
  57  5:01  Forge, Twilight Council  
  57  5:03  Sentry  
  57  5:04  Protoss Ground Weapons Level 1  
  57  5:06  Blink, Probe  
  60  5:10  Probe  
  61  5:18  Gateway, Probe  
  61  5:21  Gateway  
  62  5:23  Gateway, Probe  
  63  5:31  Pylon, Probe  
  63  5:35  Sentry, Probe  
  67  5:37  Shield Battery  
  67  5:39  Pylon  
  67  5:43  Probe  
  67  5:45  Sentry  
  67  5:49  Probe x2  
  72  5:51  Stalker  
  74  5:59  Probe  
  74  6:01  Stalker, Probe  
  78  6:07  Shield Battery  
  78  6:14  Stalker x3  
  78  6:15  Stalker  
  78  6:16  Probe  
  78  6:17  Probe  
  78  6:18  Probe  
  89  6:28  Robotics Facility  
  89  6:29  Shield Battery, Probe  
  90  6:33  Stalker x2  
  94  6:40  Stalker x2  
  94  6:43  Pylon  
  98  6:47  Pylon  
  98  6:49  Pylon  
  98  6:54  Stalker  
  100  7:02  Pylon, Zealot  
  100  7:03  Zealot x2  
  100  7:04  Probe  
  100  7:05  Probe x2  
  100  7:08  Immortal  
  109  7:09  Pylon  
  109  7:20  Stalker x3  
  119  7:24  Probe  
  119  7:26  Assimilator  
  119  7:27  Probe  
  113  7:30  Assimilator  
  113  7:33  Stalker x3  
  113  7:36  Probe  
  110  7:43  Zealot x3  
Tags
 
Add a new tag
Caveats
  • Supply blocks, unpowered buildings, or Contaminate may cause inaccurate times.
  • Supply counts are checked every 10 seconds.